AoeStats
← Hakimi

Enclosed

505242422Analyzed
1v1 RM · 22d ago on Sep 8, 2026· 28m 18s· 2 players
Game mode
Random Map
Map size
Tiny (2 player)
Population
200
Speed
Normal
Resources
Standard
Victory
Conquest
Starting age
Dark Age
Ending age
Imperial Age
RankedLock teamsTeams togetherTeam positionsShared explorationLock speedFull tech treeHidden civsTurbo modeCheats
Victory
Defeat
🇺🇾 Britons · Uruguay
948
+15
🇨🇳 Burgundians · China
921
-15
Hakimi
6:54 Loom
10:07 Feudal Age
9:51 Double-Bit Axe
9:53 Horse Collar
16:29 Castle Age
15:05 Town Watch
16:44 Bow Saw
21:38 Scale Barding Armor
22:43 Chain Barding Armor
22:49 Fletching
24:06 Bodkin Arrow
25:01 Forging
24:43 Cavalier
28:29 Two-Man Saw
luky
12:22 Feudal Age
10:42 Loom
15:53 Fletching
19:41 Castle Age
20:05 Crossbowman
20:54 Gold Mining
23:08 Wheelbarrow
27:30 Ballistics
Connection lost

Rejoining the realm…

Still unreachable

The connection could not be restored.

Session expired

The server has moved on; the page needs a fresh start.